 Dungeon Crawl Stone Soup version 0.27.0-1-g7a089689b8 (webtiles) character file.

Game seed: 7313090000194720608

15157 SnakkuSnakku7 the Quickloader (level 12, -2/92 HPs)
             Began as a Human Arcane Marksman on July 31, 2021.
             Was an Elder of Okawaru.
             Slain by a komodo dragon (21 damage)
             ... on level 1 of the Lair of Beasts.
             The game lasted 00:33:07 (17958 turns).

SnakkuSnakku7 the Quickloader (HuAM)               Turns: 17958, Time: 00:33:10

Health: -2/92      AC: 17    Str: 15    XL:     12   Next: 54%
Magic:  17/18      EV: 12    Int: 14    God:    Okawaru [****..]
Gold:   541        SH: 19    Dex: 26    Spells: 12/13 levels left

rFire    . . .     SeeInvis +   b - +2 falchion (elec)
rCold    . . .     Faith    .   x - +2 tower shield {AC+3}
rNeg     . . .     Spirit   .   M - +2 ring mail "Typtemie" {Dex+6 SInv}
rPois    .         Reflect  +   O - +0 helmet
rElec    .         Harm     .   (no cloak)
rCorr    +         Rampage  .   P - +0 pair of gloves
Will     .....                  q - +2 pair of boots
Stlth    +.........             h - amulet of reflection
HPRegen  0.25/turn              E - ring of resist corrosion
MPRegen  0.16/turn              g - +6 ring of dexterity

@: no status effects
A: no striking features
a: Renounce Religion, Heroism


You were on level 1 of the Lair of Beasts.
You worshipped Okawaru.
Okawaru was greatly pleased with you.
You visited 3 branches of the dungeon, and saw 13 of its levels.
You also visited: Sewer.

You collected 619 gold pieces.
You spent 78 gold pieces at shops.

Inventory:

Hand Weapons
 a - a +0 hand crossbow
 b - a +2 falchion of electrocution (weapon)
Missiles
 c - 26 bolts
 p - 43 poisoned darts (quivered)
Armour
 q - a +2 pair of boots (worn)
 s - a scarf of harm
 x - a +2 tower shield of protection (worn)
 B - +0 steam dragon scales
 L - a +0 troll leather armour
 M - the +2 ring mail "Typtemie" (worn) {Dex+6 SInv}
   (You found it on level 10 of the Dungeon)

   Dex:       It affects your dexterity (+6).
   SInv:      It lets you see invisible.
 O - a +0 helmet (worn)
 P - a +0 pair of gloves (worn)
Jewellery
 d - an amulet of faith
 e - a ring of positive energy
 g - a +6 ring of dexterity (right hand)
 h - an amulet of reflection (around neck)
 t - a ring of positive energy
 w - a +6 ring of intelligence
 E - a ring of resist corrosion (left hand)
 H - a ring of protection from fire
Wands
 k - a wand of charming (8)
 y - a wand of flame (29)
 J - a wand of polymorph (6)
Scrolls
 i - 4 scrolls of noise {unknown}
 j - a scroll of enchant weapon {unknown}
 m - 4 scrolls of teleportation
 n - 6 scrolls of magic mapping
 o - a scroll of brand weapon {unknown}
 r - 2 scrolls of acquirement {unknown}
 u - 3 scrolls of amnesia {unknown}
 C - a scroll of vulnerability {unknown}
 F - a scroll of holy word {unknown}
 G - a scroll of silence
 K - a scroll of enchant armour {unknown}
Potions
 f - 2 potions of resistance
 l - a potion of curing
 v - a potion of brilliance
 z - a potion of might
 A - 5 potions of flight
 Q - a potion of attraction
Miscellaneous
 D - a condenser vane (inert)


   Skills:
 + Level 8.0 Fighting
 - Level 10.0 Crossbows
 - Level 8.0 Armour
 - Level 8.0 Dodging
 - Level 1.0 Spellcasting
 - Level 7.9 Hexes
 - Level 8.0 Invocations


You had 12 spell levels left.
You knew the following spells:

 Your Spells              Type           Power      Damage    Failure   Level
a - Corona                Hex            25%        N/A       41%         1

Your spell library contained the following spells:

 Spells                   Type           Power      Damage    Failure   Level
 Slow                     Hex            23%        N/A       56%         2
 Tukima's Dance           Hex            23%        N/A       80%         3
 Cause Fear               Hex            11%        N/A       99%         4
 Sting                    Tmut/Pois      0%         1d3       100%        1
 Poisonous Vapours        Pois/Air       0%         N/A       100%        2
 Frozen Ramparts          Ice            0%         1d2       100%        3
 Inner Flame              Hex/Fire       11%        N/A       100%        3
 Portal Projectile        Hex/Tloc       22%        N/A       100%        3
 Fulminant Prism          Conj/Hex       5%         3d7       100%        4
 Ice Form                 Ice/Tmut       0%         N/A       100%        4
 Iskenderun's Mystic Bla  Conj/Tloc      0%         2d3       100%        4
 Olgreb's Toxic Radiance  Pois           0%         N/A       100%        4
 Passage of Golubria      Tloc           N/A        N/A       100%        4
 Summon Ice Beast         Ice/Summ       0%         N/A       100%        4
 Lee's Rapid Deconstruct  Erth           0%         3d5*      100%        5
 Yara's Violent Unravell  Hex/Tmut       5%         3d4       100%        5
 Discord                  Hex            11%        N/A       100%        8


Dungeon Overview and Level Annotations

Branches:
Dungeon (11/15)            Temple (1/1) D:7            Lair (1/6) D:11
    Orc (0/2) D:9           Sewer (visited)

Altars:
Ashenzari
Cheibriados
Dithmenos
Elyvilon
Fedhas
Gozag
Hepliaklqana
Kikubaaqudgha
Makhleb
Nemelex Xobeh
Okawaru
Qazlal
Ru
Sif Muna
Trog
Uskayaw
Vehumet
Wu Jian
Xom
Yredelemnul
Zin
The Shining One

Shops:
D:8 ?

Annotations:
D:10 Snorg
D:11 Urug


Message History

The komodo dragon completely misses you.
You hit the komodo dragon but do no damage.
The komodo dragon is severely wounded.
You block the yak's attack.
The komodo dragon bites you but does no damage.
The komodo dragon bites you. The yak gores you but does no damage.
You block the komodo dragon's attack.
You hit the komodo dragon.
Lightning courses through the komodo dragon!
You kill the komodo dragon!
Okawaru accepts your kill. The komodo dragon bites you!
* * * LOW HITPOINT WARNING * * *
You block the yak's attack.
The komodo dragon bites you but does no damage. x2
You block the yak's attack.
You hit the komodo dragon but do no damage.
Lightning courses through the komodo dragon!
The komodo dragon is moderately wounded.
The komodo dragon bites you but does no damage.
The komodo dragon bites you!
* * * LOW HITPOINT WARNING * * *
You block the yak's attack.
You block the komodo dragon's attack. x2
The yak gores you but does no damage.
You hit the yak. Lightning courses through the yak!
You kill the yak!
Okawaru accepts your kill.
The komodo dragon bites you but does no damage. x2
You block the komodo dragon's attack. x2
Training target 8.0 for Invocations reached!
Your Invocations skill increases to level 8!
You need to enable at least one skill for training.
Your shield prevents you from hitting the komodo dragon.
You feel less wooden.
Your +0 helmet unmelds from your body.
Your +0 pair of gloves unmelds from your body.
Your +2 pair of boots unmelds from your body.
The +2 ring mail "Typtemie" {Dex+6 SInv} unmelds from your body.
The komodo dragon bites you!!
You die...

......#.............
.......#......#...... ..###.
#.......#......
..#P#.#######.....#####'#
.........................
.........................
.........................
........l.................
..........$@................
........##l##P......P#.#####
........#YY###......######
#......##Y.##......P....###
#.....##..##..............
#......#..P#..##..†##..##P
#....>+....+..#..........+
#......#..##........#..###
#....Y######....>......#


You could see 2 komodo dragons and 3 yaks.

Vanquished Creatures
  Harold (D:8)
  3 two-headed ogres (D:11)
  Pikel (D:8)
  A cyclops (D:11)
  A cane toad (Lair:1)
  A gargoyle (D:11)
  3 komodo dragons (Lair:1)
  3 trolls
  Grinder (D:6)
  A slime creature (D:10)
  2 wraiths (D:10)
  6 yaks
  Eustachio (D:6)
  2 steam dragons
  Grum (D:11)
  An acid dragon (D:9)
  9 water moccasins
  A black bear (D:11)
  9 orc warriors
  3 ice beasts
  5 ogres
  6 necrophages
  2 wolves (D:10)
  8 centaurs
  A phantom (D:6)
  4 kobold brigands
  7 bullfrogs
  A scorpion (D:6)
  2 water moccasin zombies (D:6)
  7 killer bees (D:8)
  3 howler monkeys
  8 crimson imps (D:9)
  4 centaur zombies
  3 bullfrog zombies (D:6)
  2 jellies
  A gnoll shaman (D:5)
  8 orc priests
  A centaur skeleton (D:6)
  2 hounds
  2 iguanas
  9 orc wizards
  A scorpion zombie (D:5)
  11 gnolls
  4 adders
  A white imp (D:9)
  An ufetubus (D:4)
  An adder skeleton (D:5)
  2 worms
  2 dart slugs
  42 orcs
  11 endoplasms
  2 giant cockroaches
  10 goblins
  4 hobgoblins
  2 jackals (Sewer)
  4 quokkas
  13 ball pythons
  4 bats
  4 frilled lizards
  22 kobolds
  16 rats
  A bush (D:6)
295 creatures vanquished.

Vanquished Creatures (collateral kills)
  A hornet (D:9)
1 creature vanquished.

Vanquished Creatures (others)
  A warg (D:9)
  A bullfrog (D:9)
  24 fungi
  37 plants
63 creatures vanquished.

Grand Total: 359 creatures vanquished

Notes
Turn   | Place    | Note
-------+----------+-------------------------------------------
     0 | D:1      | SnakkuSnakku7 the Human Arcane Marksman began the quest for
                  | the Orb.
     0 | D:1      | Reached XP level 1. HP: 15/15 MP: 2/2
   107 | D:1      | Reached XP level 2. HP: 21/21 MP: 3/3
   347 | D:1      | Reached skill level 3 in Crossbows
   794 | D:1      | Reached XP level 3. HP: 25/26 MP: 4/4
  1706 | D:2      | Reached skill level 4 in Crossbows
  1706 | D:2      | Reached XP level 4. HP: 32/32 MP: 5/5
  1986 | D:3      | Noticed an ogre
  2341 | D:3      | Killed an ogre
  2342 | D:3      | Reached skill level 5 in Crossbows
  2342 | D:3      | Reached XP level 5. HP: 25/37 MP: 6/6
  2751 | D:3      | You fall into a shaft and drop 1 floor!
  3375 | D:4      | Reached XP level 6. HP: 43/43 MP: 7/7
  3450 | D:4      | Reached skill level 6 in Crossbows
  3472 | D:4      | Found a shadowy altar of Dithmenos.
  3815 | D:5      | Entered Level 5 of the Dungeon
  3842 | D:5      | Noticed an ogre
  4158 | D:5      | Noticed an ice beast
  4255 | D:5      | Killed an ice beast
  4256 | D:5      | Reached skill level 7 in Crossbows
  4256 | D:5      | Reached XP level 7. HP: 9/48 MP: 8/8
  4416 | D:5      | Found a glowing drain.
  4456 | Sewer    | Entered a sewer
  4671 | Sewer    | Found a white marble altar of Elyvilon.
  4818 | D:5      | Reached skill level 8 in Crossbows
  4935 | D:5      | Noticed a two-headed ogre
  5018 | D:6      | Noticed a water moccasin
  5264 | D:5      | Reached XP level 8. HP: 42/54 MP: 9/9
  5663 | D:5      | Reached skill level 9 in Crossbows
  6061 | D:6      | Found a transporter.
  6164 | D:6      | Reached skill level 10 in Crossbows
  6669 | D:6      | Found a blossoming altar of Fedhas.
  6696 | D:6      | Reached XP level 9. HP: 65/65 MP: 10/10
  6755 | D:6      | Reached skill level 5 in Fighting
  7131 | D:6      | Noticed Eustachio
  7144 | D:6      | Killed Eustachio
  7258 | D:6      | Found a transporter.
  7262 | D:6      | Noticed Grinder
  7283 | D:6      | Paralysed by Grinder for 2 turns
  7287 | D:6      | Killed Grinder
  7557 | D:6      | Reached XP level 10. HP: 49/80 MP: 11/11
  8155 | D:7      | Reached skill level 5 in Hexes
  8580 | D:7      | Found a staircase to the Ecumenical Temple.
  8640 | Temple   | Entered the Ecumenical Temple
  8730 | Temple   | Became a worshipper of Warmaster Okawaru
  9298 | D:8      | Noticed Pikel
  9312 | D:8      | Killed Pikel
  9567 | D:8      | Found Xizxij's Magic Scroll Boutique.
  9578 | D:8      | Bought a scroll of teleportation for 36 gold pieces
  9578 | D:8      | Bought a scroll of magic mapping for 42 gold pieces
  9928 | D:8      | Reached skill level 1 in Armour
 10303 | D:8      | Noticed Harold
 10337 | D:8      | Killed Harold
 10337 | D:8      | Reached * piety under Okawaru
 10796 | D:9      | Reached skill level 5 in Armour
 10908 | D:9      | Found a staircase to the Orcish Mines.
 10993 | D:9      | Reached XP level 11. HP: 86/86 MP: 12/12
 11123 | D:9      | Reached ** piety under Okawaru
 11402 | D:9      | Found a basalt altar of Yredelemnul.
 11402 | D:9      | Found a glowing silver altar of Zin.
 11404 | D:9      | Found a snail-covered altar of Cheibriados.
 11404 | D:9      | Found a broken altar of Ashenzari.
 12097 | D:10     | Entered Level 10 of the Dungeon
 13125 | D:10     | Noticed Snorg
 13432 | D:10     | Identified the +2 ring mail "Typtemie" {Dex+6 SInv}
 13470 | D:11     | Reached *** piety under Okawaru
 13475 | D:11     | Noticed a two-headed ogre
 13532 | D:11     | Noticed a two-headed ogre
 13577 | D:11     | Reached skill level 5 in Dodging
 13584 | D:11     | Killed a two-headed ogre
 13780 | D:11     | Noticed Grum
 13941 | D:11     | Killed Grum
 14077 | D:11     | Noticed a two-headed ogre
 14157 | D:11     | Reached **** piety under Okawaru
 14996 | D:11     | Noticed a cyclops
 14996 | D:11     | Noticed a two-headed ogre
 15736 | D:11     | Killed a two-headed ogre
 15737 | D:11     | Reached XP level 12. HP: 29/92 MP: 13/13
 16344 | D:11     | Found a staircase to the Lair.
 16410 | D:11     | Noticed Urug
 16693 | D:11     | a two-headed ogre changed into a slime creature
 17112 | D:11     | Killed a two-headed ogre
 17113 | D:11     | Reached skill level 5 in Invocations
 17457 | Lair:1   | Entered Level 1 of the Lair of Beasts
 17807 | Lair:1   | Found a basalt altar of Yredelemnul.
 17958 | Lair:1   | Slain by a komodo dragon

Illustrated notes

Levels and vault maps discovered:
D:1:      lightli_arrival_statuegarden, layout_basic
D:2:      layout_loops_ring, kennysheep_nondescript
D:3:      layout_loops_ring, amethyst_killhole
D:4:      layout_loops_cross, general_overflow_altar
D:5:      layout_loops_cross, portal_sewer_entry_b
D:6:      gammafunk_cloud_chamber, layout_cave_pools,
          fedhas_altar_decomposition, kennysheep_generic_room_12, uniq_grinder,
          uniq_eustachio
D:7:      layout_loops_corners, minmay_temple_entry_hall
D:8:      layout_basic, serial_shops, shop_fountains, uniq_harold, uniq_pikel
D:9:      layout_rooms, chequers_temple_overflow_statue_of_worship, david_orc_3,
          minmay_nine_imps
D:10:     layout_gridville, uniq_snorg
D:11:     layout_loops_ring, grunt_lair_entry_orc_guard_hut, special_room
          [special_room_orc], uniq_urug, uniq_grum
Temple:   nicolae_temple_elliptical
Lair:1:   layout_regular_city, basic_altar, st_stairs_3, beast_lair_carwin_6,
          serial_bayou_shore_b

Skill      XL: |  1  2  3  4  5  6  7  8  9 10 11 12 |
---------------+-------------------------------------+-----
Crossbows      | 3 4 5 7 8 10 | 10.0
Fighting       | 3 8 |  8.0
Hexes          | 4 7 |  7.9
Armour         | 5 8 |  8.0
Dodging        | 8 |  8.0
Invocations    | 2 8 |  8.0
Spellcasting   | |  1.0

Action                   |  1- 3 |  4- 6 |  7- 9 | 10-12 || total
-------------------------+-------+-------+-------+-------++-------
Melee: Whip              |    67 |       |   176 |       ||   243
       Spear             |    10 |    64 |     1 |       ||    75
       Falchion          |       |       |    13 |   414 ||   427
 Fire: Hand crossbow     |    18 |    95 |   158 |   276 ||   547
Throw: Dart              |       |     6 |    15 |     4 ||    25
       Throwing net      |       |       |       |     1 ||     1
Invok: Heroism           |       |       |       |    11 ||    11
Evoke: Wand              |       |       |       |     5 ||     5
       Condenser vane    |       |       |       |     1 ||     1
  Use: Potion            |       |     1 |     1 |     4 ||     6
       Scroll            |       |       |     4 |     9 ||    13
 Stab: Sleeping          |     3 |     3 |     1 |       ||     7
Armor: Robe              |    16 |    32 |   115 |    43 ||   206
       Steam dragon scal |       |       |       |    60 ||    60
       Skin              |       |       |       |    27 ||    27
       Acid dragon scale |       |       |       |    66 ||    66
       Ring mail         |       |       |       |    64 ||    64
Dodge: Dodged            |    35 |    48 |    74 |   204 ||   361
Block: Other             |    10 |    18 |       |       ||    28
       Reflection        |     2 |     1 |     8 |    30 ||    41
       Tower shield      |       |    45 |   397 |   768 ||  1210
       Rpst.: Falchion   |       |       |     1 |    30 ||    31
